 Dungeon Crawl Stone Soup version 0.23.0-3-gf3c87f2 (webtiles) character file.

Game seed: 4313576509026627879

2998 Scud the Grappler (level 9, 0/85 HPs)
             Began as a Troll Monk on Feb 23, 2019.
             Was a Priest of Qazlal.
             Slain by a vampire
             ... wielding a +0 trident
              (4 damage)
             ... on level 7 of the Dungeon.
             The game lasted 00:20:06 (3887 turns).

Scud the Grappler (Troll Monk)                      Turns: 3887, Time: 00:20:06

Health: 0/85       AC:  6    Str: 26    XL:     9   Next: 54%
Magic:  8/8        EV: 12    Int:  8    God:    Qazlal [***...]
Gold:   269        SH:  4    Dex: 12    Spells: 8/8 levels left

rFire    . . .     SeeInvis .     - Unarmed
rCold    . . .     Gourm    +   (no shield)
rNeg     . . .     Faith    .   a - +0 robe
rPois    .         Spirit   .   (helmet restricted)
rElec    +         Reflect  .   (no cloak)
rCorr    .         Harm     .   (gloves unavailable)
MR       .....                  (boots unavailable)
Stlth    +.........             e - amulet of rage
HPRegen  0.64/turn              (no ring)
MPRegen  0.11/turn              (no ring)

@: berserk cooldown, very slightly contaminated, slowed, lightly drained, very
slow
A: large, unfitting armour, claws 3, horns 1, clever 1, fast metabolism 3,
gourmand, regeneration 1, shaggy fur 1, electricity resistance, strong 1, tough
skin 3
a: Upheaval, Elemental Force, Renounce Religion, Evoke Berserk Rage


You were on level 7 of the Dungeon.
You worshipped Qazlal.
Qazlal was most pleased with you.
You were very full.

You visited 1 branch of the dungeon, and saw 7 of its levels.

You collected 269 gold pieces.

Inventory:

Armour
 a - a +0 robe (worn)
Jewellery
 e - an amulet of rage (around neck)
 h - an uncursed ring of flight {unknown}
 t - an uncursed amulet of the gourmand {unknown}
Wands
 j - a wand of disintegration (20)
Scrolls
 c - 6 scrolls of identify {unknown}
 d - a scroll of teleportation {unknown}
 f - 2 scrolls of enchant weapon {unknown}
 k - 3 scrolls of enchant armour {unknown}
 l - 3 scrolls of remove curse {unknown}
 n - a scroll of amnesia {unknown}
 o - a scroll of noise {unknown}
 p - a scroll of fear {unknown}
 v - a scroll of vulnerability {unknown}
Potions
 g - a potion of heal wounds
 m - 3 potions of curing
Comestibles
 b - 19 rations


   Skills:
 * Level 4.5(4.4) Fighting
 + Level 4.8(4.6) Dodging
 - Level 1.0(0.8) Stealth
 * Level 11.6(11.4) Unarmed Combat


You had 8 spell levels left.
You didn't know any spells.
Your spell library was empty.

Dungeon Overview and Level Annotations

Branches:
Dungeon (7/15)             Temple (0/1) D:5

Altars:
Elyvilon
Qazlal
Sif Muna
Zin

Shops:
D:4 *

Annotations:
D:7 1 transporter


Innate Abilities, Weirdness & Mutations

You are too large for most types of armour.
You have claws for hands.
Your metabolism is lightning-fast.
You like to eat raw meat.
Your natural rate of healing is unusually fast.
You are covered in fur. (AC +1)
You have extremely tough skin. (AC +3)
You have a pair of small horns on your head.
Your mind is acute. (Int +2)
You are resistant to electric shocks. (rElec)
Your muscles are strong. (Str +2)


Message History

You claw something! You headbutt something. Something hits you!
Something bites you!
* * * LOW HITPOINT WARNING * * *
Something draws strength from your injuries!
Something blocks your attack.
You headbutt something. Something hits you!
* * * LOW HITPOINT WARNING * * *
Something bites you but does no damage.
You closely miss something. Something hits you!
* * * LOW HITPOINT WARNING * * *
Something bites you but does no damage.
You feel much better. Something hits you!
* * * LOW HITPOINT WARNING * * *
Something bites you.
* * * LOW HITPOINT WARNING * * *
Something draws strength from your injuries!
You feel much better. Something hits you but does no damage.
Something bites you but does no damage. Something hits you!!
* * * LOW HITPOINT WARNING * * *
Something bites you.
You die...

################# #.....#
#...............###.....#
#.#############.##......#
#######.#...........#.##....###
........#...........#..'....#
#######.#..###.###..#.##....#
##.#..#8#.#8#..#.###..##
######..#...........#....#.#####
.......©#)...)°@....#©...')...>.
#...##..#[...).§{...#...(##.##.#
#.. ##.#..#8#.#8#..#..(.##..#.#
#. #.#..###.###..#.(..###.#.# #
#.#...........#.#### #.#.#
#.#..........©#.######.#.#
#.#############........#.#
#.................[......#
#.....#......#...........#


There were no monsters in sight!

Vanquished Creatures
  Pikel (D:7)
  The ghost of p0werm0de the Chopper, a novice GnCK of Cheibriados (D:7)
  A hippogriff (D:7)
  A water moccasin (D:7)
  An orc warrior (D:7)
  A black bear (D:7)
  2 phantoms
  4 ice beasts
  An ogre (D:7)
  A centaur (D:7)
  A bullfrog (D:6)
  A scorpion (D:4)
  2 wights (D:7)
  A spectral bullfrog (D:7)
  3 crimson imps (D:7)
  A centaur zombie (D:5)
  A jelly (D:5)
  A hound (D:5)
  5 orc wizards
  A gnoll shaman (D:5)
  2 orc priests (D:7)
  A bullfrog skeleton (D:7)
  A centaur skeleton (D:7)
  Ijyb (D:3)
  Terence (D:3)
  3 worker ants
  A hound skeleton (D:4)
  3 gnolls (D:5)
  8 adders
  2 shadow imps (D:5)
  A worker ant simulacrum (D:7)
  2 oozes
  3 adder skeletons
  7 worms
  2 dart slugs
  5 leopard geckos
  11 orcs
  4 giant cockroaches
  4 goblins
  9 hobgoblins
  7 jackals (D:1)
  A quokka (D:6)
  A ball python (D:3)
  5 bats
  6 frilled lizards
  12 kobolds
  A leopard gecko zombie (D:5)
  7 rats
142 creatures vanquished.

Notes
Turn   | Place    | Note
-------+----------+-------------------------------------------
     0 | D:1      | Scud the Troll Monk began the quest for the Orb.
     0 | D:1      | Reached XP level 1. HP: 22/22 MP: 0/0
    78 | D:1      | Reached XP level 2. HP: 29/29 MP: 1/1
   295 | D:1      | Reached XP level 3. HP: 35/36 MP: 2/2
   457 | D:2      | Reached skill level 4 in Unarmed Combat
   503 | D:2      | Reached XP level 4. HP: 44/44 MP: 3/3
  1147 | D:3      | Noticed Ijyb
  1156 | D:3      | Killed Ijyb
  1296 | D:3      | Noticed Terence
  1305 | D:3      | Killed Terence
  1305 | D:3      | Reached skill level 5 in Unarmed Combat
  1305 | D:3      | Reached XP level 5. HP: 53/53 MP: 4/4
  1375 | D:3      | Found a stormy altar of Qazlal.
  1386 | D:3      | Became a worshipper of Qazlal Stormbringer
  1386 | D:3      | Reached * piety under Qazlal
  1386 | D:3      | Reached ** piety under Qazlal
  1392 | D:3      | Found a white marble altar of Elyvilon.
  1567 | D:4      | Found Zin's Purification Station.
  1568 | D:4      | Found a glowing silver altar of Zin.
  1632 | D:4      | Noticed a phantom
  1660 | D:4      | Killed a phantom
  1660 | D:4      | Reached skill level 6 in Unarmed Combat
  1660 | D:4      | Reached XP level 6. HP: 50/61 MP: 5/5
  1666 | D:4      | Found a deep blue altar of Sif Muna.
  2114 | D:5      | Entered Level 5 of the Dungeon
  2114 | D:5      | Found a staircase to the Ecumenical Temple.
  2142 | D:5      | Noticed an ice beast
  2149 | D:5      | Killed an ice beast
  2282 | D:5      | Noticed an ice beast
  2291 | D:5      | Killed an ice beast
  2291 | D:5      | Reached skill level 7 in Unarmed Combat
  2291 | D:5      | Reached XP level 7. HP: 67/67 MP: 6/6
  2660 | D:6      | Reached *** piety under Qazlal
  2895 | D:6      | Reached skill level 8 in Unarmed Combat
  3090 | D:7      | Noticed Pikel
  3099 | D:7      | Killed Pikel
  3099 | D:7      | Reached skill level 9 in Unarmed Combat
  3099 | D:7      | Reached XP level 8. HP: 48/78 MP: 7/7
  3159 | D:7      | Reached skill level 10 in Unarmed Combat
  3177 | D:7      | Found a transporter.
  3355 | D:7      | Reached XP level 9. HP: 84/84 MP: 8/8
  3519 | D:7      | Found a transporter.
  3519 | D:7      | Noticed p0werm0de's ghost (novice GnCK)
  3652 | D:7      | Reached skill level 11 in Unarmed Combat
  3835 | D:7      | Gained mutation: Your mind is acute. (Int +2) [potion of
                  | mutation]
  3835 | D:7      | Gained mutation: Your muscles are strong. (Str +2) [potion
                  | of mutation]
  3835 | D:7      | Gained mutation: You are resistant to electric shocks.
                  | (rElec) [potion of mutation]
  3835 | D:7      | Gained mutation: You have a pair of small horns on your
                  | head. [potion of mutation]
  3874 | D:7      | Killed p0werm0de's ghost
  3885 | D:7      | HP: 1/85 [something (12)]
  3887 | D:7      | Slain by a vampire

Skill      XL: |  1  2  3  4  5  6  7  8  9 |
---------------+----------------------------+-----
Unarmed Combat | 4 5 6 7 9 10 11 | 11.6
Fighting       | 3 4 |  4.5
Dodging        | 3 4 |  4.8
Stealth        | |  1.0

Action                   |  1- 3 |  4- 6 |  7- 9 || total
-------------------------+-------+-------+-------++-------
Melee: Unarmed           |    94 |   179 |   167 ||   440
       Punch             |     1 |     3 |     7 ||    11
       Headbutt          |       |       |     5 ||     5
 Abil: Evoke Berserk Rag |       |       |     1 ||     1
  Use: Potion            |       |       |     8 ||     8
 Stab: Sleeping          |       |     1 |       ||     1
       Distracted        |       |       |     1 ||     1
  Eat: Chunk             |     8 |    10 |    19 ||    37
       Ration            |       |     1 |       ||     1
Armor: Robe              |    48 |    57 |    35 ||   140
Dodge: Dodged            |    67 |    77 |    51 ||   195
Block: Other             |       |     2 |    17 ||    19
